[Event "Late-Titled-Tuesday-Blitz-September-19-2023"]
[Site "Chess.com"]
[Date "2023.09.19"]
[Round "8"]
[White "YEIKO2017"]
[Black "MathiasWomacka"]
[Result "0-1"]
[WhiteElo "2465"]
[BlackElo "2564"]
[TimeControl "180+1"]
[EndTime "15:28:37 PDT"]
[Termination "MathiasWomacka won on time"]

1. e4 c5 2. Nf3 d6 3. d4 cxd4 4. Nxd4 Nf6 5. Nc3 a6 6. Bg5 e6 7.
f4 h6 8. Bh4 Qb6 9. Qd2 Qxb2 10. Nb3 Nbd7 11. Bd3 Nc5 12. O-O Bd7 13. Nxc5 Qb6 14.
Bf2 dxc5 15. e5 Ng4 16. Rab1 Qc7 17. Bg3 c4 18. Be4 Bc5+ 19. Kh1 Bc6 20. Qe2 Ne3 21.
Bf2 Nxf1 22. Bxc5 Nxh2 23. Kxh2 b5 24. Bxc6+ Qxc6 25. Ne4 O-O-O 26. Nd6+ Kc7 27. Qe3 Rd7 28. a4 Rb8 29. axb5 axb5 30. Ra1 Kd8 31. f5 exf5 32. e6 fxe6 33. Qxe6 Qxc5 34. Nf7+ Kc7 35. Ne5 Re7 36.
Ra7+ Qxa7 37. Qxe7+ Kb6 38. Qd6+ Ka5 39. Nc6+ Kb6 40.
Nxa7+ Kxa7 41. Qc7+ Rb7 42. Qa5+ Kb8 43. Kg3 g5 44.
Kf3 h5 45. Qb4 g4+ 46. Kf4 h4 47. Kxf5 h3 48. gxh3 gxh3 49. Qf8+ Ka7 50. Qh8 Kb6 51. Qxh3 Rc7 52. Qe3+ Ka5 53. Ke6 Kb4 54. Kd6 Rh7 55.
Qc5+ Kc3 56. Kc6 Kxc2 57. Kxb5 Rh4 58. Qf5+ Kb3 59. Qf3+ c3 60. Kc5 Kb2 61. Qf2+ c2 62. Qxh4 c1=Q+ 63. Kb5 Qc2 64. Ka5 Qb3 0-1

[Event "Late-Titled-Tuesday-Blitz-September-19-2023"]
[Site "Chess.com"]
[Date "2023.09.19"]
[Round "8"]
[White "Aariow"]
[Black "rychessmaster1"]
[Result "1/2-1/2"]
[WhiteElo "2564"]
[BlackElo "2720"]
[TimeControl "180+1"]
[EndTime "15:28:39 PDT"]
[Termination "Game drawn by stalemate"]

1. d4 Nf6 2. c4 e6 3. Nc3 Bb4 4. Qc2 d5 5. cxd5 exd5 6. Bg5 h6 7. Bh4 Nc6 8. e3 g5 9. Bg3 h5 10. Bb5 h4 11. Be5 O-O 12. Ne2 Ne4 13. f3 Nxc3 14.
bxc3 Nxe5 15. cxb4 Ng6 16. Bd3 Qd6 17. O-O Re8 18.
e4 Nf4 19. Nxf4 Qxf4 20. Kh1 Bd7 21. exd5 Qxd4 22. Rad1 Qf4 23. Bc4 Kg7 24. Qc3+ Qf6 25. Qc1 Re7 26. Bb3 Bb5 27. Rf2 Rae8 28. a4 Bd7 29.
Rff1 h3 30. Rf2 Qe5 31. Rg1 f6 32. f4 Qe3 33. Rf3 Qxc1 34. Rxc1 hxg2+ 35. Kxg2 Bf5 36. fxg5 Re2+ 37. Kg3 R8e3 38. Rxc7+ Kg6 39. gxf6 Kxf6 40. Rxb7 Kg5 41. h4+ Kg6 42. Rxa7 Rxf3+ 43. Kxf3 Rb2 44. Bc4 Rxb4 45. Bb5 Rd4 46. d6 Rxd6 47. Kf4 Rd4+ 48. Ke5 Re4+ 49. Kd5 Rxh4 50. Ra6+ Kg5 51. Rb6 Rh1 52.
Rb8 Ra1 53. Kc5 Kf4 54. Kb6 Be4 55. Rf8+ Ke3 56. Re8 Kd4 57. a5 Rb1 58. Rd8+ Ke5 59. a6 Rg1 60. Re8+ Kd4 61. a7 Rg6+ 62. Ka5 Bg2 63. Rd8+ Kc3 64. Rc8+ Kb2 65. Bd3 Rd6 66. Rc2+ Kb3 67. Rxg2 Rd5+ 68. Bb5 Rd1 69. Ba4+ Ka3 70. Bxd1 1/2-1/2

[Event "Late-Titled-Tuesday-Blitz-September-19-2023"]
[Site "Chess.com"]
[Date "2023.09.19"]
[Round "8"]
[White "Quattroporte300"]
[Black "Nikachu"]
[Result "1-0"]
[WhiteElo "2407"]
[BlackElo "2199"]
[TimeControl "180+1"]
[EndTime "15:28:40 PDT"]
[Termination "Quattroporte300 won on time"]

1. e4 c5 2. Nf3 d6 3. d4 cxd4 4. Nxd4 Nf6 5. Nc3 e6 6. g3 Be7 7.
Bg2 a6 8. O-O O-O 9. a4 Qc7 10.
Re1 Bd7 11. a5 Nc6 12. Nb3 Rac8 13. Be3 Ne5 14. Nd2 Nc4 15. Nxc4 Qxc4 16. Bf1 Qc7 17. Bb6 Qb8 18. f4 Bc6 19. Bg2 Nd7 20. Bd4 Rfd8 21. Qd2 b5 22. Nd5 Bf8 23. Nb4 Bb7 24. Qf2 Rc4 25. c3 Nc5 26. Qc2 Rc8 27. Bf1 Rxb4 28. cxb4 Nxe4 29. Bc3 d5 30. Qd3 Rc4 31. Qe3 Rc8 32.
Bg2 f5 33. Rad1 Qd6 34. Bxe4 fxe4 35. Qxe4 dxe4 36. Rxd6 Bxd6 37. Kf2 Bd5 38. Ke3 Kf7 39. g4 g6 40. h4 Ke8 41. Rh1 h5 42. gxh5 gxh5 43.
Rg1 Be7 44. Rg8+ Kf7 45. Rg7+ Kf8 46. Rh7 Bxh4 47. Rh8+ Kf7 48. Rxc8 Be7 49. Rh8 h4 50. Rh7+ Ke8 51. Be5 Bb3 52. Rh8+ Kd7 53. Kxe4 Bc2+ 54. Ke3 Bf5 55. Rh6 h3 56. Kf2 Bxb4 57. Kg3 Bxa5 58.
Rh8 Bd2 59. Ra8 a5 60. Ra7+ Kc6 61. Ra6+ Kc5 62. Rd6 Be3 63. Rd1 Kc4 64. Re1 Bd4 65. Rc1+ 1-0

[Event "Late-Titled-Tuesday-Blitz-September-19-2023"]
[Site "Chess.com"]
[Date "2023.09.19"]
[Round "8"]
[White "Lady_Nika"]
[Black "jinxy2009"]
[Result "1-0"]
[WhiteElo "2460"]
[BlackElo "2314"]
[TimeControl "180+1"]
[EndTime "15:28:41 PDT"]
[Termination "Lady_Nika won on time"]

1. d4 Nf6 2. c4 e6 3. a3 d5 4.
cxd5 exd5 5. Nc3 c6 6. Bg5 Be7 7. Nf3 h6 8. Bxf6 Bxf6 9. e3 Bf5 10. Bd3 Bxd3 11. Qxd3 O-O 12. O-O Re8 13. Rad1 Nd7 14. Rfe1 g6 15. e4 dxe4 16. Nxe4 Bg7 17. Qb3 Nb6 18.
a4 Rb8 19. a5 Qd5 20. Qxd5 Nxd5 21. Nc5 b6 22. Na6 Rbc8 23. axb6 axb6 24. Ne5 Bxe5 25. dxe5 Ra8 26. Ra1 Re7 27. Ra3 Rea7 28. Rea1 Kg7 29.
g3 g5 30. Kg2 Kg6 31. Kf3 Kf5 32. g4+ Kxe5 33. Re1+ Kf6 34. Rea1 Kg6 35. Ke4 Nf6+ 36.
Kf3 Nd5 37. Ke4 Re8+ 38. Kd4 f5 39. gxf5+ Kxf5 40. f3 Kf4 41. b4 Re3 42. b5 Rxa3 43. Rxa3 Nb4 44. Kc4 Nxa6 45. bxa6 Ke5 46. Re3+ Kd6 47.
Ra3 b5+ 48. Kb4 Kc7 49. Ka5 Ra8 50. Re3 Rd8 51. Re7+ Kb8 52. Kb6 Rf8 53. Rb7+ Ka8 54. Rc7 b4 55. Kxc6 b3 56. Rb7 Rb8 57. Kc7 1-0

[Event "Late-Titled-Tuesday-Blitz-September-19-2023"]
[Site "Chess.com"]
[Date "2023.09.19"]
[Round "8"]
[White "Emp3rador"]
[Black "angelgab3"]
[Result "1-0"]
[WhiteElo "2509"]
[BlackElo "2568"]
[TimeControl "180+1"]
[EndTime "15:28:43 PDT"]
[Termination "Emp3rador won by resignation"]

1. e4 e5 2. Nf3 Nc6 3. d4 exd4 4.
Nxd4 Nf6 5. Nxc6 bxc6 6. Nc3 Bb4 7. Bd3 d5 8. exd5 O-O 9. O-O cxd5 10. Bg5 c6 11. h3 Be6 12. Qf3 h6 13. Bxf6 Qxf6 14.
Qxf6 gxf6 15. Ne2 Bd6 16. Nd4 c5 17. Nxe6 fxe6 18. Rfe1 Rfe8 19. c4 d4 20. g4 Kf7 21.
Kg2 Rab8 22. Re2 a5 23. Kf3 h5 24. gxh5 f5 25. Rg1 Rh8 26. Rg6 Rxh5 27. Rexe6 Rxh3+ 28. Kg2 Rh2+ 29. Kf3 Be7 30. Rb6 Rh3+ 31. Ke2 Re8 32. Rge6 Rh5 33. Re5 Bd8 34. Rxe8 Kxe8 35. Rc6 Be7 36.
Ra6 Rh2 37. Rxa5 Bh4 38. Rxc5 Rxf2+ 39. Kd1 Rxb2 40. Rxf5 Rxa2 41. Re5+ Kf7 42. Re4 Bf6 43. c5 Ra5 44. Bc4+ Kg7 45. Rg4+ Kh7 46. Bd3+ Kh8 47.
c6 Rc5 48. Be4 Bg5 49. Ke2 Kg7 50. c7 Kf6 51. Kd3 Rxc7 52. Kxd4 Rd7+ 53. Bd5 Kf5 54. Rg1 Bf6+ 55. Kc5 Rc7+ 56. Kd6 Rf7 57. Rf1+ Kg5 58. Bxf7 Bd4 59. Ke6 Be3 60. Re1 Bf2 61. Re4 Bb6 62. Be8 Bc7 63. Bc6 Bf4 64. Bd5 Bc7 65. Kd7 Bf4 66. Re2 Kg4 67. Rg2+ Kh3 68. Ke6 Bc7 69. Kf5 Bg3 70. Bf3 Bc7 71. Rg8 Kh2 72. Ke4 Bb6 73. Be2 Ba7 74. Kf3 Bb8 75. Rxb8 1-0

[Event "Late-Titled-Tuesday-Blitz-September-19-2023"]
[Site "Chess.com"]
[Date "2023.09.19"]
[Round "8"]
[White "UK_23"]
[Black "ritanovikova"]
[Result "1-0"]
[WhiteElo "2402"]
[BlackElo "2157"]
[TimeControl "180+1"]
[EndTime "15:29:06 PDT"]
[Termination "UK_23 won on time"]

1. e4 d5 2. exd5 Qxd5 3. Nc3 Qd6 4. d4 Nf6 5. Nf3 Bf5 6. g3 e6 7. Bf4 Qb6 8. Qd2 Bb4 9. Bg2 Be4 10. O-O Bc6 11. Qd3 Bxc3 12. Qxc3 Nd5 13. Qb3 Nxf4 14. gxf4 Nd7 15. c3 Nf6 16. Ne5 Bxg2 17. Kxg2 Nd5 18. Kf3 f6 19. Nd3 Qc6 20. Ke2 O-O 21. Rae1 Kh8 22.
Kd2 Rae8 23. Kc1 b6 24. Kb1 Qd6 25. Re4 c5 26. Rfe1 cxd4 27. Rxd4 Qc6 28. Qc4 Qb7 29. Nb4 Nxb4 30. Qxb4 Qf7 31. a4 h6 32. Rde4 Qg6 33. Ka2 Qf5 34. Qb5 Qh3 35. a5 bxa5 36. Qxa5 Re7 37.
Qc5 Rfe8 38. Qe3 Qf5 39. Kb1 Rb7 40. Re2 Reb8 41. Qd3 Rb6 42. Rd4 Qxd3+ 43. Rxd3 Kg8 44. Rde3 Kf7 45. Rc2 a5 46. Kc1 a4 47. Rd3 Rb3 48. Rd4 a3 49. bxa3 Rxa3 50. Kd2 Re8 51. Rd7+ Kg6 52.
Rd4 e5 53. fxe5 Rxe5 54. Rd3 Rg5 55. Rg3 Rxg3 56. hxg3 Kf5 57. c4 Ke6 58. Rc3 Ra2+ 59. Ke3 Ke5 60. c5 Ra7 61. c6 Rc7 62. Kf3 Kd6 63. Kg4 Rxc6 64. Rd3+ Ke6 65. Kh5 Rc7 66. Kg6 Ke5 67. Re3+ Kd4 68. Re8 Kd3 69. f4 Kd2 70. f5 Rc3 71. g4 Rg3 72. Kxg7 Rxg4+ 73. Kxf6 h5 74. Rh8 h4 75. Ke5 Ke3 76. f6 Rg1 77. f7 Rf1 78. Ke6 Rh1 79. f8=Q 1-0

[Event "Late-Titled-Tuesday-Blitz-September-19-2023"]
[Site "Chess.com"]
[Date "2023.09.19"]
[Round "8"]
[White "simplerXiao"]
[Black "IlanSchnaider"]
[Result "0-1"]
[WhiteElo "2590"]
[BlackElo "2763"]
[TimeControl "180+1"]
[EndTime "15:29:21 PDT"]
[Termination "IlanSchnaider won by resignation"]

1. e4 c5 2. Nf3 d6 3. d4 cxd4 4. Nxd4 Nf6 5. Nc3 a6 6. Be3 Ng4 7. Bg5 h6 8. Bh4 g5 9. Bg3 Bg7 10. h3 Nf6 11. Bc4 Qb6 12. Nb3 Qb4 13. Bd3 Nxe4 14. Bxe4 Bxc3+ 15. bxc3 Qxe4+ 16. Kf1 Be6 17. Kg1 Nc6 18. Kh2 h5 19. Re1 Qg6 20. f3 g4 21.
h4 gxf3 22. Qxf3 Rg8 23. Re3 Qxc2 24. Nd4 Nxd4 25. cxd4 Qc6 26. Qxh5 Kd7 27. Rae1 Rh8 28. Qd1 Qd5 29. Qe2 Rag8 30. Rd1 Qxa2 31. Rd2 Qd5 32. Re5 Rxh4+ 33. Bxh4 Qb3 34. d5 dxe5 35.
Qxe5 Bg4 36. Qxe7+ Kc8 37. d6 Bd7 38. Qe4 Kb8 39.
Rd3 Qe6 40. Qxe6 fxe6 41. Rc3 Bc6 42. Bg3 Kc8 43. Re3 Kd7 44. Re1 Rh8+ 45. Kg1 Rg8 46. Kf2 Rf8+ 47. Ke3 Rf5 48. Rh1 Rf7 49. Bf4 Bxg2 50. Rg1 Bc6 51. Rg8 Rh7 52. Kd4 Rf7 53. Be5 Bd5 54. Kc5 Rh7 55. Kb6 Bc6 56. Bf4 Rf7 57.
Be5 Rh7 58. Rf8 a5 59. Kc5 Rh5 60. Kd4 Rh4+ 61. Kc5 Rh5 62. Kd4 Rh7 63. Kc5 a4 64.
Bf6 e5 65. Rd8+ Ke6 66. Bg5 a3 67. Ra8 Rh5 68. Be3 e4+ 69. Kd4 Kxd6 70. Rxa3 Rd5+ 71. Kc4 Bb5+ 72. Kb4 Bc6 73. Bf4+ Ke6 74. Rh3 Rf5 75.
Rh6+ Kf7 76. Be3 Rf3 77. Bd4 e3 78. Kc4 e2 79. Rh7+ Ke6 80. Rh6+ Kd7 81. Rh7+ Ke8 82. Rh8+ Rf8 83. Rxf8+ Kxf8 84. Bf2 Ke7 85. Be1 Ke6 86. Kc5 Ke5 87. Bc3+ Ke4 88. Be1 Kd3 89. Kb4 Kc2 90.
Kc4 Kd1 91. Bg3 e1=Q 92. Bxe1 Kxe1 93. Kc5 Ke2 94. Kb6 Kf3 95. Kc7 Ke4 96. Kb6 Kd5 97. Kc7 Kc5 98. Kb8 b5 99. Kc7 b4 0-1

[Event "Late-Titled-Tuesday-Blitz-September-19-2023"]
[Site "Chess.com"]
[Date "2023.09.19"]
[Round "8"]
[White "JackRodgers"]
[Black "azikom"]
[Result "1/2-1/2"]
[WhiteElo "2523"]
[BlackElo "2626"]
[TimeControl "180+1"]
[EndTime "15:29:23 PDT"]
[Termination "Game drawn by repetition"]

1. d4 d5 2. Bg5 h6 3. Bh4 c6 4. e3 Qb6 5. Qc1 e5 6. Nf3 exd4 7.
exd4 Be7 8. Bxe7 Nxe7 9. Bd3 Bg4 10. Nbd2 Nd7 11. h3 Bf5 12. Bxf5 Nxf5 13. c3 Qa6 14. c4 dxc4 15. Qxc4 Qxc4 16. Nxc4 Nb6 17. Ne3 Nd6 18. O-O-O O-O-O 19. Rhe1 Rhe8 20. d5 c5 21. Nc2 Rxe1 22. Nfxe1 Re8 23. Nd3 Nd7 24. Re1 Rxe1+ 25. Ndxe1 Nf6 26. Ne3 Kd7 27. Nd3 b6 28. Kd2 Nde4+ 29.
Ke2 g6 30. Ne5+ Ke8 31. Nc6 a6 32. Ne5 Nd6 33. f3 Nd7 34. N3c4 Nxe5 35. Nxe5 Nf5 36. Nc4 b5 37. Ne5 Ke7 38. g4 Nd4+ 39. Ke3 Nc2+ 40.
Kd2 Nb4 41. d6+ Kxd6 42. Nxf7+ Ke6 43. Nxh6 Nxa2 44. h4 Nb4 45. f4 Nd5 46. f5+ gxf5 47. Nxf5 Nf6 48. Ne3 Ke5 49. g5 Nh5 50. Ng4+ Kf4 51.
Nf6 Ng3 52. g6 Nf5 53. h5 Kg5 54. Ne4+ Kxh5 55. Nxc5 Kxg6 56. Nxa6 Kf6 57. Kc3 Ke5 58. Kb4 Ne3 59. Kxb5 Nc2 60. Nb4 Nd4+ 61. Kc4 Ne6 62. Nd3+ Kd6 63. b4 Nc7 64. Nc5 Kc6 65. Ne4 Nb5 66.
Nc3 Nxc3 67. Kxc3 Kb5 68. Kb3 Kb6 69. Ka3 Kb5 70. Kb3 Kb6 71. Ka4 Ka6 72. b5+ Kb6 73. Kb4 Kb7 74. Kc5 Kc7 75. Kc4 Kb6 76. Kb4 Kb7 77. Kc5 Kc7 78. b6+ Kb7 79. Kb5 Kb8 80. Kc6 Kc8 81. Kc5 Kb7 82. Kb5 Kb8 83. Ka6 Ka8 84.
Ka5 Kb7 85. Kb5 1/2-1/2

[Event "Late-Titled-Tuesday-Blitz-September-19-2023"]
[Site "Chess.com"]
[Date "2023.09.19"]
[Round "8"]
[White "Tomytoteph"]
[Black "rdarruda"]
[Result "1/2-1/2"]
[WhiteElo "2577"]
[BlackElo "2503"]
[TimeControl "180+1"]
[EndTime "15:29:37 PDT"]
[Termination "Game drawn by stalemate"]

1. e4 c5 2. Nf3 Nc6 3. Bb5 g6 4. O-O Bg7 5. Re1 Nf6 6. c3 O-O 7. h3 d6 8. d4 Bd7 9. Bf1 e5 10. d5 Nb8 11. Nbd2 Nh5 12. Nc4 Qe7 13. a4 Bc8 14. b4 cxb4 15. cxb4 Nf4 16. Ba3 Nd7 17. Rc1 b6 18. a5 Rb8 19. Qb3 b5 20. Ne3 a6 21.
Rc7 Rb7 22. Rc6 Nb8 23. Rc2 Bd7 24. Rec1 f5 25. Nd2 Qg5 26. Kh1 Bh6 27. Rc7 Rxc7 28. Rxc7 Qd8 29. Qc3 Bg5 30. Bb2 Be7 31. Ra7 fxe4 32.
Nxe4 Bf5 33. Ng3 Bg5 34. Nexf5 gxf5 35. Nh5 Rf7 36. Rxf7 Kxf7 37. Nxf4 Bxf4 38. Qd3 Qc8 39. g3 Bh6 40. Be2 Kg7 41. f4 Qe8 42. Qxf5 Nd7 43. fxe5 Nxe5 44. g4 Be3 45. Bd3 h6 46. Qh7+ Kf8 47.
Bf5 Qf7 48. Qh8+ Qg8 49. Bxe5 dxe5 50. Qxe5 Qg5 51. Qb8+ Kg7 52. Qc7+ Kf8 53. Qc8+ Kg7 54. Qd7+ Kf8 55. Qd6+ Kg7 56. Qe5+ Kf8 57. d6 Qf4 58. Qxf4 Bxf4 59. d7 Ke7 60. Be4 Bd2 61. Bb7 Bxb4 62.
Bxa6 Bxa5 63. Bxb5 Kf6 64. Kg2 Kg5 65. Ba4 Bc7 66.
Kf3 Kh4 67. Kg2 Bd8 68. Bc2 Bc7 69. Bg6 Bd8 70. Bf5 Bc7 71. Kf3 Bd8 72. Ke4 h5 73.
gxh5 Kxh5 74. Ke5 Kh4 75. Ke6 Kg5 76. Bg4 Kh4 77. Kf7 Kg5 78. Kg7 Kh4 79. Kg6 Bc7 80. Be6 Bb6 81. Kf5 Bc7 82. Kf6 Bd8+ 83.
Kf7 Bc7 84. Ke8 Bb6 85. Bg4 Bc7 86. Kf7 Kg5 87. Ke6 Bd8 88. Kd5 Ba5 89. Kc6 Bd8 90. Kb7 Be7 91. Kc8 Bf6 92. Be6 Be7 93.
Bb3 Bf6 94. Bd1 Be7 95. Be2 Kh4 96. Bf1 Bf6 97. Kb7 Be7 98. Kc6 Bd8 99. Kd5 Be7 100. Ke6 Bd8 101. Kf7 Bc7 102. Kg6 Bd8 103. Kf7 Bc7 104.
Ke8 Bb6 105. d8=R Bxd8 106. Kxd8 Kg5 107. Ke7 Kh6 108. Kf8 Kh7 109. Kf7 Kh8 110. Kf6 Kh7 111. Kg5 Kh8 112. Be2 Kg8 113. Bg4 Kh8 114. h4 Kg8 115. h5 Kh8 116.
Kg6 Kg8 117. Bf5 Kh8 118. h6 Kg8 119. h7+ Kh8 120. Be6 1/2-1/2

[Event "Late-Titled-Tuesday-Blitz-September-19-2023"]
[Site "Chess.com"]
[Date "2023.09.19"]
[Round "8"]
[White "sergoy"]
[Black "Firouzja2003"]
[Result "1/2-1/2"]
[WhiteElo "2918"]
[BlackElo "3070"]
[TimeControl "180+1"]
[EndTime "15:29:49 PDT"]
[Termination "Game drawn by 50-move rule"]

1. d4 Nf6 2. c4 g6 3. Nc3 Bg7 4. e4 d6 5. Nf3 O-O 6. Be2 Na6 7. O-O e5 8. Be3 Qe7 9. d5 Ng4 10. Bg5 f6 11. Bh4 g5 12. Bg3 f5 13. exf5 Bxf5 14. Nd2 Nf6 15. a3 Nc5 16. b4 Nd3 17. Nf3 e4 18. Nxg5 Nh5 19. Ngxe4 Bxe4 20. Nxe4 Nxg3 21. Nxg3 Nxf2 22. Rxf2 Rxf2 23. Kxf2 Qf6+ 24. Bf3 Qxa1 25. Qxa1 Bxa1 26. Ne4 a5 27. c5 axb4 28. axb4 Be5 29.
cxd6 cxd6 30. b5 Ra2+ 31. Be2 Bxh2 32. g3 Kf8 33. Nxd6 Bxg3+ 34. Kxg3 Rxe2 35. Nxb7 Rb2 36. Nd6 Ke7 37. Nf5+ Kf6 38. Nd6 Rb3+ 39. Kf4 Rb4+ 40.
Ne4+ Ke7 41. Ke5 Rxb5 42. Nf6 Rb1 43. Nxh7 Re1+ 44. Kf4 Kd6 45. Nf6 Rf1+ 46. Kg5 Ke5 47. Ng4+ Kd6 48. Nf6 Rf3 49. Ng4 Kxd5 50. Nf6+ Ke6 51.
Ng4 Ra3 52. Kf4 Ra4+ 53. Kf3 Kf5 54. Ne3+ Kg5 55. Nd5 Rd4 56. Ne3 Rf4+ 57. Ke2 Rh4 58. Kd3 Kf6 59. Nd5+ Ke5 60. Ne3 Rh3 61. Kd2 Kd4 62.
Nf5+ Ke4 63. Nd6+ Ke5 64. Nb5 Rb3 65. Nc3 Kd4 66. Ne2+ Kc4 67. Nf4 Ra3 68. Ke2 Kd4 69. Ne6+ Ke5 70. Nc5 Rc3 71. Nd3+ Kd4 72. Nf2 Re3+ 73.
Kf1 Re8 74. Kg2 Ke3 75. Ng4+ Kf4 76. Nf2 Re2 77. Kf1 Kf3 78. Nd3 Rd2 79. Ne1+ Kg3 80.
Kg1 Rf2 81. Nd3 Rf8 82. Ne1 Rf7 83. Nd3 Kf3 84. Ne1+ Ke2 85. Ng2 Rg7 86. Kh2 Kf2 87. Nh4 Rg3 88. Nf5 Ra3 89. Nh4 Rb3 90. Nf5 Kf3 91. Nh4+ Kg4 92. Ng2 Rb2 93. Kg1 Kg3 94. Ne1 Rf2 95. Nd3 Rf3 96. Ne1 Rf5 97. Nd3 Kf3 98.
Ne1+ Ke3 99. Ng2+ Ke2 1/2-1/2

[Event "Late-Titled-Tuesday-Blitz-September-19-2023"]
[Site "Chess.com"]
[Date "2023.09.19"]
[Round "8"]
[White "santosalberto1987"]
[Black "Qvalda"]
[Result "0-1"]
[WhiteElo "2496"]
[BlackElo "2367"]
[TimeControl "180+1"]
[EndTime "15:30:00 PDT"]
[Termination "Qvalda won by resignation"]

1. e4 e6 2. d4 d5 3. Nc3 Be7 4. Nf3 Nf6 5. e5 Nfd7 6. Ne2 c5 7. c3 Qa5 8. a3 cxd4 9. b4 Qc7 10. cxd4 Nb6 11.
Be3 Nc4 12. Nf4 b5 13. Bd3 a5 14. O-O axb4 15. axb4 Rxa1 16. Qxa1 Bxb4 17. Rb1 Nc6 18. h4 O-O 19. h5 Bb7 20. h6 g6 21. Qa2 Ra8 22. Qe2 Bf8 23. Nh3 Nxe3 24. Qxe3 b4 25. Qf4 Ra3 26. Bf1 b3 27. Nd2 Na5 28. g4 Bc6 29. g5 Be8 30. Nf3 Qc2 31. Rc1 Qf5 32.
Rc8 Qxf4 33. Nxf4 b2 34. Nd2 Ba4 35. Rb8 Nb3 36. Nb1 Ra1 37. Bd3 Nd2 38. Rxb2 Nxb1 39.
Rxb1 Rxb1+ 40. Bxb1 Be7 41. Nh3 Bd1 42. f4 Bg4 43. Nf2 Bf5 44. Bxf5 gxf5 45. Kf1 Ba3 46. Ke2 Bb2 47. Kd3 Ba3 48. Ke3 Bb2 49. Nd3 Ba3 50.
Nc5 Bc1+ 51. Kf3 Bb2 52. Ke3 Bc1+ 53. Kf3 Bb2 54. Nd7 Bxd4 55. Nf6+ Kh8 56. Ke2 Bb2 57.
Kd3 Bc1 58. Nh5 Kg8 59. Kd4 Bb2+ 60. Kc5 Bc1 61. Kd4 Ba3 62. Kc3 Bc5 63. Kb3 Kh8 64.
Ka4 Bd4 65. Kb4 Be3 66. Kb5 Bd2 67. Kc5 Kg8 68. Kd6 Be3 69. Ke7 d4 70. Nf6+ Kh8 71. Kxf7 d3 72. Ne8 d2 73. Nd6 d1=Q 74. Kf8 Bc5 75.
Ke7 Qd5 76. Kd7 Bxd6 77. exd6 e5 78. fxe5 Qxe5 79. Kc6 f4 80. d7 Qe6+ 81. Kc7 Qc4+ 82. Kb8 Qb5+ 83. Kc8 Qc6+ 84. Kd8 Kg8 85. Ke7 Qc5+ 86.
Ke6 Qe3+ 87. Kf6 Qd4+ 88. Ke7 Qe5+ 89. Kd8 f3 90. Kc8 Qc5+ 91. Kb7 Qb5+ 92. Kc7 Qc5+ 93. Kb7 Qd6 94. Kc8 Qc6+ 95. Kd8 f2 96. g6 hxg6 97. Ke7 Qc5+ 98. Ke6 Qc6+ 99. Ke7 Qxd7+ 100. Kxd7 Kh7 0-1

[Event "Late-Titled-Tuesday-Blitz-September-19-2023"]
[Site "Chess.com"]
[Date "2023.09.19"]
[Round "8"]
[White "Dr_crypt"]
[Black "Sjakkerntobi"]
[Result "1-0"]
[WhiteElo "2452"]
[BlackElo "2504"]
[TimeControl "180+1"]
[EndTime "15:30:50 PDT"]
[Termination "Dr_crypt won by resignation"]

1. d4 Nf6 2. c4 c5 3. e3 cxd4 4.
exd4 d5 5. Nc3 Nc6 6. Nf3 Bg4 7. Be2 e6 8. O-O Be7 9. h3 Bh5 10. Bf4 O-O 11. c5 Ne4 12. Ne5 Bxe2 13. Nxe2 Nxe5 14. Bxe5 f6 15. Bf4 e5 16. Be3 exd4 17. Nxd4 Nxc5 18. b4 Ne4 19. Ne6 Qd7 20. Nxf8 Rxf8 21. a3 Rd8 22. Qd4 a5 23. Rfd1 Qf5 24. f3 Ng3 25. bxa5 Ne2+ 26. Kh1 Nxd4 27. Bxd4 Bd6 28. Rab1 Qf4 29.
Bg1 Rd7 30. Rxd5 Rc7 31. Rbd1 Bxa3 32. Bh2 Qc1 33. Rd8+ Kf7 34. Bxc7 Qc6 35. Bh2 Kg6 36. Bg1 Bb4 37. Bb6 Qb5 38. R8d5 Qe2 39. h4 h5 40. R5d3 Qe5 41. Rd5 Qg3 42. R5d4 Bc3 43. Re4 Be5 44. Bg1 Bc7 45. Rd7 Bxa5 46. Rxb7 Bc3 47.
Bh2 Qf2 48. Bg1 Qc2 49. Rc7 Qb2 50. Ree7 f5 51. Rc6+ Bf6 52. Ree6 Kf7 53. Red6 Qb4 54. Rd5 Qxh4+ 55. Bh2 Kg6 56. Rc1 Bg5 57. Rc6+ Kh7 58. Rxf5 Qe1+ 59. Bg1 Be3 60. Rxh5+ Kg8 61. Rc8+ Kf7 62.
Kh2 Qxg1+ 63. Kg3 Qf2+ 64. Kh3 Bh6 65. Rhc5 Kg6 66. R8c6+ Kh7 67. Rc7 Qg1 68. R7c6 Qh1+ 69. Kg3 Be3 70. Rc4 Qe1+ 71. Kg4 Qf2 72. g3 Bh6 73. f4 Qe2+ 74. Kh3 Qf1+ 75. Kg4 Qg2 76. Kh4 Qh2+ 77. Kg4 Qe2+ 78. Kh4 Qe7+ 79. Kh3 Qe2 80. R4c5 Kg8 81. Rc8+ Kh7 82. R8c6 Qf1+ 83. Kg4 g5 84. Rc7+ Bg7 85. Rxg5 Qe2+ 86. Kh3 Qf1+ 87. Kh4 Qh1+ 88. Kg4 Qd1+ 89. Kh3 Qh1+ 90. Kg4 Qd1+ 91. Kh4 Kh6 92. Rcxg7 Qh1+ 93. Kg4 Qd1+ 94. Kf5 Qd5+ 95. Kf6 Qd6+ 96. Kf7 Qd7+ 97. Kf8 Qd8+ 98. Kf7 Qc7+ 99. Kg8 Qc4+ 100. Kh8 Qc8+ 101. Rg8 Qc3+ 102. R5g7 Qf6 103. g4 Qd4 104. g5+ Kh5 105. f5 Qc3 106. f6 Qd4 107. f7 Qh4 108. f8=Q Kg4+ 109. Rh7 Qg3 110. Qf6 1-0

[Event "Late-Titled-Tuesday-Blitz-September-19-2023"]
[Site "Chess.com"]
[Date "2023.09.19"]
[Round "8"]
[White "MFatigue"]
[Black "ATM622"]
[Result "1/2-1/2"]
[WhiteElo "2555"]
[BlackElo "2463"]
[TimeControl "180+1"]
[EndTime "15:31:07 PDT"]
[Termination "Game drawn by agreement"]

1. e4 c6 2. Bc4 d5 3. Bb3 dxe4 4. Qh5 g6 5. Qh4 Nf6 6. Nc3 Bg7 7. Nxe4 Nxe4 8. Qxe4 O-O 9. Nf3 Nd7 10. d4 Nf6 11.
Qe2 Bg4 12. c3 a5 13. h3 Bf5 14. Bc2 Bxc2 15. Qxc2 Qd5 16. O-O b5 17. b3 Qf5 18.
Qxf5 gxf5 19. Bb2 Ne4 20. Rad1 a4 21. Ne1 axb3 22. axb3 Ra2 23. Nd3 Rxb2 24. Nxb2 Nxc3 25. Rd2 Bxd4 26. Nd3 Ne4 27. Rc2 c5 28. Rfc1 Ra8 29. Kf1 Ra3 30. Nxc5 Bxc5 31. Rxc5 Nxc5 32. Rxc5 Rxb3 33.
Rxf5 e6 34. Rc5 Rb2 35. g4 Kf8 36. Rc7 b4 37. Rb7 b3 38. Kg2 Rb1 39. h4 b2 40. g5 Ke8 41. h5 Kd8 42. Kf3 Kc8 43. Rb4 Kc7 44. Rb3 Kd6 45. Rb6+ Kc5 46. Rb8 Kd5 47.
Rb5+ Kd4 48. Rb8 Kc3 49. Rc8+ Kd2 50. Rd8+ Ke1 51. Rb8 Kf1 52. Kg3 Ke2 53. Kg2 e5 54. Rb5 Kd3 55. Rb8 e4 56. Rd8+ Ke2 57. Rb8 e3 58. fxe3 Kxe3 59. Rb3+ Kf4 60. Rb5 Kg4 61. h6 Kh5 62. Kh2 Kg6 63. Kg2 Re1 64. Rxb2 Kxg5 65.
Rb6 Re6 66. Rb7 Rf6 67. Kg3 Kxh6 68. Rb5 Kg6 69. Kh4 h6 70. Kg4 Re6 71. Rb4 Rf6 72. Re4 Rd6 73. Kh4 f5 74. Re8 Rd4+ 75. Kg3 Kh5 76. Rf8 Rg4+ 77. Kf3 Kg5 78. Rg8+ Kh4 79. Rf8 Rg5 80. Kf4 h5 81. Rc8 Rg4+ 82. Kxf5 Rg1 83.
Rc2 Kh3 84. Rc3+ Kh2 85. Rc2+ Kg3 86. Rc3+ Kf2 87. Rc2+ Ke3 88. Rc3+ Kd4 89. Rh3 Rf1+ 90. Kg6 Ke5 91. Kxh5 Kf5 92. Kh4 Kf4 93. Rh2 Rg1 94.
Rf2+ Ke3 95. Rf7 Ke4 96. Rf8 Ke5 97. Rf7 Ke6 98. Rf2 Ke5 99. Rf3 Rg2 100. Rf8 Ke6 101. Rf4 Rg1 102. Rf2 Ke5 103. Rf3 Ke4 104. Rf8 Rg2 105. Kh3 Rg1 106. Kh2 Re1 107. Rf7 Kd3 108. Rd7+ Kc3 109.
Rc7+ Kb4 110. Kg3 Re3+ 111. Kf4 Rc3 112. Rb7+ Ka5 113. Ke4 Ka6 114. Rb8 Rc4+ 115. Kd5 Rc1 116. Rb2 Ka5 117. Kd4 Ka4 118. Kd3 Ka3 119. Rb8 Ka4 120. Kd2 Rc7 121. Kd3 Ka5 122. Kd4 Ka6 123. Rb1 Ka5 124. Kd5 Ka4 125. Ra1+ Kb3 126. Rb1+ Kc2 127. Rb6 Rd7+ 128. Ke6 Rd3 129. Ke5 Re3+ 130. Kd4 Rh3 131. Ke4 Rh4+ 132. Kf3 Rh3+ 133. Kg4 Rh8 134. Rc6+ Kd3 135. Rd6+ Ke4 136. Re6+ Kd5 137. Re1 Rg8+ 138. Kh5 Kd4 139. Kh6 1/2-1/2

[Event "Late-Titled-Tuesday-Blitz-September-19-2023"]
[Site "Chess.com"]
[Date "2023.09.19"]
[Round "9"]
[White "Der_Honigdachs"]
[Black "rychessmaster1"]
[Result "0-1"]
[WhiteElo "2520"]
[BlackElo "2724"]
[TimeControl "180+1"]
[EndTime "15:39:23 PDT"]
[Termination "rychessmaster1 won by resignation"]

1. c4 e6 2. Nf3 d5 3. g3 d4 4. Bg2 c5 5. O-O Nc6 6. e3 Nf6 7. exd4 cxd4 8. d3 Bc5 9. Nbd2 h6 10.
a3 a5 11. Qa4 O-O 12. Qb5 Be7 13. Nb3 a4 14. Nc5 Bxc5 15. Qxc5 Ra5 0-1

[Event "Late-Titled-Tuesday-Blitz-September-19-2023"]
[Site "Chess.com"]
[Date "2023.09.19"]
[Round "9"]
[White "jcmesafischer"]
[Black "Grig1508"]
[Result "1-0"]
[WhiteElo "2355"]
[BlackElo "1981"]
[TimeControl "180+1"]
[EndTime "15:40:07 PDT"]
[Termination "jcmesafischer won by resignation"]

1. Nf3 d5 2. d4 Nf6 3. c4 e6 4. Nc3 c5 5. cxd5 exd5 6. g3 Nc6 7. Bg2 c4 8. O-O Be7 9. Ne5 O-O 10. Nxc6 bxc6 11. e4 Bg4 12. Qa4 h5 13. Qxc6 Rc8 14. Qa4 h4 15. exd5 Nxd5 16. Nxd5 1-0

[Event "Late-Titled-Tuesday-Blitz-September-19-2023"]
[Site "Chess.com"]
[Date "2023.09.19"]
[Round "9"]
[White "ural58"]
[Black "Taran2004"]
[Result "1-0"]
[WhiteElo "2548"]
[BlackElo "2430"]
[TimeControl "180+1"]
[EndTime "15:40:21 PDT"]
[Termination "ural58 won by resignation"]

1. e4 c6 2. Nf3 d5 3. e5 Bf5 4. Nd4 Bg6 5. e6 Qb6 6. Qg4 Nf6 7. exf7+ Bxf7 8. Qc8+ Qd8 9. Qxb7 e5 10. Nxc6 Nxc6 11.
Qxc6+ Ke7 12. b3 Rc8 13. Ba3+ 1-0

[Event "Late-Titled-Tuesday-Blitz-September-19-2023"]
[Site "Chess.com"]
[Date "2023.09.19"]
[Round "9"]
[White "SAInt_666"]
[Black "MathiasWomacka"]
[Result "0-1"]
[WhiteElo "2648"]
[BlackElo "2574"]
[TimeControl "180+1"]
[EndTime "15:40:43 PDT"]
[Termination "MathiasWomacka won by resignation"]

1. Nf3 c5 2. g3 Nc6 3. d4 cxd4 4. Nxd4 g6 5. Bg2 Bg7 6. Nxc6 bxc6 7. O-O Nf6 8. c4 O-O 9. Qc2 d5 10. cxd5 cxd5 11.
Rd1 Bf5 12. Qa4 Qb6 13. Nc3 e6 14. b3 Ng4 15. Bb2 Nxf2 16. Kf1 Ng4 0-1